 Dungeon Crawl Stone Soup version 0.26-a0-660-gc07710193c (webtiles) character file.

Game seed: 1610002233858210358

35400 jasper the Cleaver (level 13, -13/124 HPs)
             Began as a Deep Dwarf Fighter on Oct 6, 2020.
             Was a High Priest of Makhleb.
             Mangled by an orc knight
             ... wielding a +0 great mace
              (22 damage)
             ... while paralysed by an orc sorcerer
             ... on level 2 of the Orcish Mines.
             The game lasted 00:26:56 (13212 turns).

jasper the Cleaver (Deep Dwarf Fighter)            Turns: 13212, Time: 00:26:57

Health: -13/124    AC: 22    Str: 36    XL:     13   Next: 47%
Magic:  12/12      EV:  2    Int:  9    God:    Makhleb [*****.]
Gold:   441        SH:  0    Dex:  8    Spells: 10/12 levels left

rFire    . . .     SeeInvis .   Y - +5 hand axe "Maitanuli" {vorpal, rN+ Str+8 Dex-4}
rCold    . . .     Faith    .   c - +0 kite shield
rNeg     + . .     Spirit   .   j - +0 chain mail
rPois    +         Reflect  +   X - +1 helmet
rElec    .         Harm     .   V - +0 cloak {Stlth+}
rCorr    .         Rampage  .   (no gloves)
MR       +....                  K - +0 pair of boots
Stlth    ..........             P - amulet "Poive" {Reflect Str+3 SH+5 Stlth+}
HPRegen  0.00/turn              l - +4 ring of protection
MPRegen  0.13/turn              O - ring of poison resistance

@: paralysed, non-regenerating
A: damage resistance, heal wounds, sense surroundings 2, no regeneration
a: Heal Wounds, Minor Destruction, Lesser Servant of Makhleb, Major Destruction,
Greater Servant of Makhleb, Renounce Religion


You were on level 2 of the Orcish Mines.
You worshipped Makhleb.
Makhleb was extremely pleased with you.
You visited 4 branches of the dungeon, and saw 20 of its levels.

You collected 1665 gold pieces.
You spent 1224 gold pieces at shops.

Inventory:

Hand Weapons
 r - the +5 hand axe "Ire Jiune" {vorpal, rC+}
   (You found it on level 4 of the Dungeon)

   It inflicts extra damage upon your enemies.
   It protects you from cold.
 E - a +0 hand crossbow
 Y - the +5 hand axe "Maitanuli" (weapon) {vorpal, rN+ Str+8 Dex-4}
   (You found it on level 11 of the Dungeon)

   It inflicts extra damage upon your enemies.
   It affects your strength (+8).
   It affects your dexterity (-4).
   It protects you from negative energy.
Missiles
 i - 88 poisoned darts (quivered)
 m - 4 throwing nets
 v - 22 boomerangs
Armour
 c - a +0 kite shield (worn)
 j - a +0 chain mail (worn)
 K - a +0 pair of boots (worn)
 V - a +0 cloak of stealth (worn)
 X - a +1 helmet (worn)
Jewellery
 l - a +4 ring of protection (left hand)
 u - an uncursed ring of flight
 N - an uncursed ring of stealth
 O - a ring of poison resistance (right hand)
 P - the amulet "Poive" (around neck) {Reflect Str+3 SH+5 Stlth+}
   (You found it on level 11 of the Dungeon)

   [amulet of reflection]

   It shields you and reflects attacks.
   It affects your strength (+3).
   It affects your SH (+5).
   It makes you more stealthy.
 R - an uncursed ring of ice
 W - an uncursed ring of positive energy
Wands
 Q - a wand of digging (7)
 S - a wand of enslavement (12)
 Z - a wand of iceblast (1)
Scrolls
 b - a scroll of identify
 d - 4 scrolls of magic mapping
 e - a scroll of random uselessness
 f - 6 scrolls of blinking
 g - 2 scrolls of fear
 n - 4 scrolls of fog
 q - 10 scrolls of teleportation
 s - 3 scrolls of amnesia
 w - 4 scrolls of immolation
 y - a scroll of noise
 z - 2 scrolls of silence
 A - 2 scrolls of torment {unknown}
 D - 3 scrolls of enchant weapon {unknown}
 G - 4 scrolls of remove curse {unknown}
 H - a scroll of summoning {unknown}
 L - 2 scrolls of vulnerability {unknown}
Potions
 h - 2 potions of mutation
 k - 3 potions of stabbing
 o - 4 potions of flight
 p - 5 potions of ambrosia
 t - 2 potions of haste
 x - 8 potions of brilliance
 C - a potion of lignification
 F - 8 potions of curing
 I - a potion of cancellation
 J - a potion of resistance {unknown}
 M - a potion of berserk rage {unknown}
 T - a potion of invisibility {unknown}


   Skills:
 + Level 10.4 Fighting
 - Level 14.0 Axes
 + Level 12.2 Armour
 + Level 12.2 Shields
 - Level 6.1 Invocations


You had 10 spell levels left.
You knew the following spells:

 Your Spells              Type           Power        Failure   Level
a - Blink                 Tloc           N/A          95%         2

Your spell library contained the following spells:

 Spells                   Type           Power        Failure   Level
 Animate Skeleton         Necr           #.....       86%         1
 Apportation              Tloc           #.....       86%         1
 Corona                   Hex            #......      86%         1
 Freeze                   Ice            #...         86%         1
 Magic Dart               Conj           #...         86%         1
 Summon Small Mammal      Summ           #...         86%         1
 Call Imp                 Summ           #.......     95%         2
 Ensorcelled Hibernation  Hex/Ice        #.....       95%         2
 Slow                     Hex            #.......     95%         2
 Call Canine Familiar     Summ           #.......     99%         3
 Confusing Touch          Hex            #.......     99%         3
 Conjure Flame            Conj/Fire      #.......     99%         3
 Dazzling Flash           Conj/Hex       #.....       99%         3
 Ignite Poison            Fire/Tmut/Pois #.......     99%         3
 Mephitic Cloud           Conj/Pois/Air  #.......     99%         3
 Ozocubu's Armour         Ice            #.......     99%         3
 Summon Guardian Golem    Hex/Summ       #.......     99%         3
 Tukima's Dance           Hex            #.......     99%         3
 Vampiric Draining        Necr           #.........   99%         3
 Ice Form                 Ice/Tmut       #.......     100%        4
 Summon Ice Beast         Ice/Summ       #.......     100%        4
 Summon Lightning Spire   Summ/Air       #.......     100%        4
 Borgnjor's Vile Clutch   Necr/Erth      #.........   100%        5
 Fireball                 Conj/Fire      #.........   100%        5
 Metabolic Englaciation   Hex/Ice        #.........   100%        5
 Freezing Cloud           Conj/Ice/Air   #.........   100%        6
 Ozocubu's Refrigeration  Ice            #.........   100%        6
 Simulacrum               Ice/Necr       #.........   100%        6
 Starburst                Conj/Fire      #.........   100%        6
 Ignition                 Fire           #.........   100%        8


Dungeon Overview and Level Annotations

Branches:
Dungeon (12/15)            Temple (1/1) D:7            Lair (5/6) D:8
 Shoals (0/4) Lair:4        Snake (0/4) Lair:3          Orc (2/2) D:12
  Slime: Lair:5-6       Elf: Orc:2

Altars:
Ashenzari
Dithmenos
Elyvilon
Fedhas
Hepliaklqana
Kikubaaqudgha
Makhleb
Nemelex Xobeh
Okawaru
Ru
Sif Muna
Trog
Uskayaw
Vehumet
Xom
Yredelemnul
Zin
The Shining One

Shops:
D:8 =   D:12 *}   Orc:1 }

Annotations:
Lair:1 Gastronok
Lair:2 exclusion: oklob plant
Lair:3 1 runed translucent door, Kubamp's ghost, journeyman DEAE
Lair:5 Snorg


Innate Abilities, Weirdness & Mutations

You are resistant to damage.
You can heal yourself by infusing magical energy.
You passively map the area around you.
You do not regenerate.


Message History

The ogre mage hits you but does no damage.
The orc sorcerer points at you and mumbles some strange words.
You shrug off the repeated paralysis!
The two-headed ogre hits you with a +0 giant club.
The two-headed ogre hits you with a +0 dire flail.
The ogre mage mumbles some strange words.
The ogre mage flickers and vanishes!
Deactivating autopickup; reactivate with Ctrl-A.
The orc hits you but does no damage.
The orc knight hits you with a +0 great mace!
The orc sorcerer hits you but does no damage.
The two-headed ogre hits you with a +0 giant club!
The two-headed ogre barely misses you.
A two-headed ogre comes into view.
It is wielding a +0 giant spiked club and a +0 dire flail.
Something hits you. The orc hits you but does no damage.
The orc sorcerer casts a spell at you. The bolt of fire hits you!!
* * * LOW HITPOINT WARNING * * *
The orc knight hits you with a +0 great mace!!
You die...

..... ....#.. , *
$#..,....... *
*...#....... ,
###.#.#$.....
,,,,
##.(.$...†....
,,,
#...........<. ,
#...())[$..... ,,
, ,
##..)$O[......, ,
#...[@oO...... ,
, #...oo{3......
, ##....O.O..$..
#............. ,
,, #.............
,, #...#.........
,,,
##.##....#....,,,
, ## ........O
,,, ...... ,,


You could see an orc knight, a soul eater (summoned), 3 two-headed ogres, an
ogre mage, an orc sorcerer (strong), an ogre and an orc (strong).

Vanquished Creatures
  Frances (D:12)
  An orc warlord (Orc:1)
  Nessos (Orc:1)
  An entropy weaver (Lair:5)
  An ettin (Orc:1)
  Fannar (D:12)
  A boulder beetle (D:11)
  Harold (D:6)
  2 catoblepae
  A queen ant (Lair:5)
  A two-headed ogre (Orc:1)
  Sonja (D:12)
  A slime creature (D:12)
  An unseen horror (D:12)
  An orc knight (Orc:1)
  A merfolk siren (Lair:4)
  6 elephants (Lair:4)
  A black mamba (Lair:1)
  Psyche (D:10)
  10 cane toads
  3 komodo dragons
  A rime drake (Lair:4)
  2 polar bears
  A hornet (D:7)
  5 trolls
  Prince Ribbit (D:8)
  4 blink frogs (Lair:4)
  A vampire (D:10)
  A wraith (D:10)
  Grum (D:10)
  12 yaks
  2 basilisks
  2 wargs (Orc:2)
  3 nagas (Lair:3)
  8 soldier ants (Lair:5)
  9 water moccasins
  15 orc warriors
  An ice beast (D:7)
  A black bear (D:11)
  A phantom (D:11)
  6 ogres
  2 sky beasts (D:6)
  11 wolves
  2 centaurs
  4 big kobolds
  4 gnoll sergeants
  8 bullfrogs
  3 scorpions
  18 killer bees
  8 wights
  A vampire bat (D:3)
  4 electric eels (D:8)
  A quasit (D:10)
  3 bullfrog zombies
  9 hounds
  4 jellies
  17 orc priests
  2 bullfrog skeletons
  A gnoll shaman (D:8)
  A centaur skeleton (D:5)
  26 worker ants
  15 orc wizards
  A hound zombie (D:5)
  A hound skeleton (D:5)
  2 worker ant zombies (D:10)
  16 gnolls
  8 adders
  2 shadow imps
  3 white imps
  An ufetubus (D:6)
  An adder skeleton (D:5)
  An adder zombie (D:7)
  3 worms
  3 dart slugs
  3 leopard geckos
  55 orcs
  15 bats
  2 giant cockroaches
  7 goblins
  11 hobgoblins
  15 jackals
  4 quokkas
  2 ball pythons
  7 frilled lizards
  2 jackal zombies
  23 kobolds
  9 rats
456 creatures vanquished.

Vanquished Creatures (collateral kills)
  An entropy weaver (Lair:5)
  A hydra (Lair:5)
  An ugly thing (D:10)
  A yak (Lair:5)
  2 soldier ants (Lair:5)
  An orc warrior (Orc:1)
  A killer bee (D:10)
  2 worker ants (Lair:5)
  2 orcs (D:12)
12 creatures vanquished.

Vanquished Creatures (others)
  A slime creature (D:12)
  An orc (Orc:2)
  A kobold (D:8)
  19 fungi
  24 plants
46 creatures vanquished.

Grand Total: 514 creatures vanquished

Notes
Turn   | Place    | Note
-------+----------+-------------------------------------------
     0 | D:1      | jasper the Deep Dwarf Fighter began the quest for the Orb.
     0 | D:1      | Reached XP level 1. HP: 20/20 MP: 1/1
   181 | D:1      | Reached XP level 2. HP: 27/27 MP: 2/2
   557 | D:1      | Reached skill level 3 in Axes
   703 | D:1      | Reached XP level 3. HP: 31/33 MP: 3/3
  1289 | D:2      | Found a faded altar of an unknown god.
  1536 | D:3      | Reached XP level 4. HP: 28/42 MP: 4/4
  1816 | D:3      | Reached skill level 4 in Axes
  1822 | D:3      | Reached XP level 5. HP: 49/49 MP: 5/5
  1896 | D:3      | Learned a level 2 spell: Blink
  1912 | D:4      | Noticed an ogre
  1969 | D:4      | Found a broken altar of Ashenzari.
  2059 | D:4      | Killed an ogre
  2222 | D:4      | Got a jewelled hand axe
  2223 | D:4      | Identified the +5 hand axe "Ire Jiune" {vorpal, rC+} (You
                  | found it on level 4 of the Dungeon)
  2275 | D:4      | Reached XP level 6. HP: 51/56 MP: 6/6
  2370 | D:4      | Reached skill level 5 in Axes
  2599 | D:5      | Entered Level 5 of the Dungeon
  2791 | D:6      | Reached XP level 7. HP: 53/64 MP: 7/7
  2911 | D:6      | Reached skill level 5 in Shields
  3031 | D:6      | Reached skill level 5 in Armour
  3042 | D:6      | Reached skill level 6 in Axes
  3353 | D:7      | Reached XP level 8. HP: 64/73 MP: 7/7
  3354 | D:7      | Noticed Harold
  3588 | D:6      | Killed Harold
  3588 | D:6      | Reached skill level 5 in Fighting
  3588 | D:6      | Reached skill level 8 in Axes
  3674 | D:6      | Gained mutation: You passively map the area around you.
                  | [Deep Dwarf growth]
  3674 | D:6      | Reached XP level 9. HP: 51/81 MP: 8/8
  3686 | D:7      | Found a broken altar of Ashenzari.
  3797 | D:7      | Paralysed by a hornet for 3 turns
  3811 | D:7      | Reached skill level 9 in Axes
  3873 | D:7      | Found a staircase to the Ecumenical Temple.
  3883 | Temple   | Entered the Ecumenical Temple
  4037 | Temple   | Became a worshipper of Makhleb the Destroyer
  4441 | D:5      | Reached skill level 1 in Invocations
  5423 | D:8      | Noticed a troll
  5426 | D:8      | Found a staircase to the Lair.
  5449 | D:8      | Reached * piety under Makhleb
  5463 | D:8      | Killed a troll
  5633 | D:8      | Found Jiloxidu's Jewellery Emporium.
  5718 | D:8      | Reached skill level 10 in Axes
  5750 | D:8      | Reached XP level 10. HP: 73/92 MP: 9/9
  5758 | D:8      | Reached ** piety under Makhleb
  6364 | D:8      | Noticed Prince Ribbit
  6381 | D:8      | Killed Prince Ribbit
  6632 | D:9      | Found a shimmering altar of Xom.
  6632 | D:9      | Noticed an ettin
  6801 | D:9      | Reached *** piety under Makhleb
  6873 | D:10     | Entered Level 10 of the Dungeon
  6878 | D:10     | Noticed Psyche
  6891 | D:10     | Killed Psyche
  7097 | D:10     | Noticed Grum
  7101 | D:10     | Reached skill level 5 in Invocations
  7113 | D:10     | Reached skill level 11 in Axes
  7116 | D:10     | Killed Grum
  7643 | D:11     | Noticed a green ugly thing
  7645 | D:11     | Got a bound lead amulet
  7664 | D:10     | Killed a green ugly thing
  7703 | D:11     | Noticed a boulder beetle
  7715 | D:11     | Noticed a boulder beetle
  7758 | D:11     | Reached **** piety under Makhleb
  7784 | D:11     | Found a sacrificial altar of Ru.
  7814 | D:11     | Identified the amulet "Poive" {Reflect Str+3 SH+5 Stlth+}
                  | (You found it on level 11 of the Dungeon)
  7942 | Lair:1   | Entered Level 1 of the Lair of Beasts
  7943 | Lair:1   | Noticed a cane toad
  7959 | D:8      | Reached XP level 11. HP: 94/100 MP: 11/11
  8299 | Lair:1   | Noticed Gastronok
  8476 | Lair:2   | Reached skill level 12 in Axes
  8715 | Lair:2   | Noticed an oklob plant
  9240 | Lair:3   | Noticed a catoblepas
  9271 | Lair:3   | Killed a catoblepas
  9284 | Lair:3   | Identified the Collected Works on Necromancy and the
                  | Glacier
  9314 | Lair:3   | Reached ***** piety under Makhleb
  9351 | Lair:3   | Found a staircase to the Snake Pit.
  9608 | Lair:3   | Found a runed translucent door.
  9609 | Lair:3   | Found a shimmering altar of Xom.
  9609 | Lair:3   | Noticed Kubamp's ghost (journeyman DEAE)
  9609 | Lair:3   | Noticed a +2 long sword of chaos
 10342 | Lair:4   | Reached skill level 10 in Shields
 10345 | Lair:4   | Reached skill level 13 in Axes
 10345 | Lair:4   | Reached skill level 10 in Armour
 10428 | Lair:4   | Reached XP level 12. HP: 112/112 MP: 11/11
 10701 | Lair:4   | Found a staircase to the Shoals.
 11349 | Lair:5   | Noticed an eight-headed hydra
 11366 | Lair:5   | Killed an eight-headed hydra
 11400 | Lair:5   | Noticed an entropy weaver
 11410 | Lair:5   | Killed an entropy weaver
 11432 | Lair:5   | Noticed a queen ant
 11457 | Lair:5   | Killed a queen ant
 11515 | Lair:5   | Noticed an entropy weaver
 11533 | Lair:5   | Killed an entropy weaver
 11533 | Lair:5   | Reached skill level 14 in Axes
 11585 | Lair:5   | Noticed an eight-headed hydra
 11607 | Lair:5   | Noticed Snorg
 11626 | Lair:5   | Noticed a five-headed hydra
 11668 | Lair:5   | Noticed a catoblepas
 11691 | Lair:5   | Killed a catoblepas
 11745 | Lair:5   | Noticed a six-headed hydra
 12068 | D:11     | Got a translucent hand axe
 12122 | D:11     | Killed a boulder beetle
 12150 | D:12     | Found Gash's Assorted Antiques.
 12156 | D:12     | Bought a scroll of magic mapping for 84 gold pieces
 12156 | D:12     | Bought a potion of heal wounds for 120 gold pieces
 12258 | D:12     | Identified the +5 hand axe "Maitanuli" {vorpal, rN+ Str+8
                  | Dex-4} (You found it on level 11 of the Dungeon)
 12372 | D:12     | Found Omowniny's Gadget Boutique.
 12374 | D:12     | Noticed Frances
 12393 | D:12     | Killed Frances
 12393 | D:12     | Reached XP level 13. HP: 41/122 MP: 12/12
 12399 | D:12     | Bought a wand of digging (7) for 374 gold pieces
 12399 | D:12     | Bought a wand of iceblast (8) for 204 gold pieces
 12399 | D:12     | Bought a wand of acid (9) for 442 gold pieces
 12411 | D:12     | Noticed Sonja
 12423 | D:12     | Killed Sonja
 12425 | D:12     | Found a staircase to the Orcish Mines.
 12549 | D:12     | Noticed Fannar
 12560 | D:12     | Killed Fannar
 12798 | Orc:1    | Entered Level 1 of the Orcish Mines
 12829 | Orc:1    | Found Esamel Kaust's Gadget Shop.
 12830 | Orc:1    | Noticed an ettin
 12847 | Orc:1    | Killed an ettin
 12847 | Orc:1    | Reached skill level 10 in Fighting
 13081 | Orc:2    | Entered Level 2 of the Orcish Mines
 13089 | Orc:2    | Noticed an orc warlord
 13120 | Orc:1    | Killed an orc warlord
 13132 | Orc:2    | Noticed Nessos
 13175 | Orc:1    | Killed Nessos
 13206 | Orc:2    | Paralysed by an orc sorcerer for 7 turns
 13212 | Orc:2    | Mangled by an orc knight

Illustrated notes

Levels and vault maps discovered:
D:1:      matt_arrival_spirals, layout_loops_ring
D:2:      layout_basic, chequers_ecumenical_altar_simple
D:3:      layout_rooms, roderic_batcave
D:4:      layout_rooms, cheibrodos_ashenzari_chains, grunt_ministairs_5,
          kennysheep_decorative_pillar, hex_medium
D:5:      layout_layer_cave
D:6:      layout_loops_cross
D:7:      layout_cave_pools, minmay_temple_entry_large_hall, basic_altar,
          uniq_harold
D:8:      kennysheep_housing_project, layout_loops_ring, erik_lair_island,
          serial_shops, shop, uniq_prince_ribbit1
D:9:      layout_loops_ring, grunt_ministairs_1, hex_large, jmf_multi_god_temple
D:10:     layout_basic, hive_lemuel, uniq_psyche, uniq_grum
D:11:     layout_rooms, nicolae_ru_sacrificial_ziggurat
D:12:     layout_roguey, david_orc_3, serial_shops, shop, shop, uniq_sonja,
          uniq_fannar, uniq_frances
Temple:   roderic_octagonal_lattice_temple
Lair:1:   layout_long_grid, uniq_gastronok
Lair:2:   layout_hall_layers, patterned_corridor, grunt_megastairs_1
Lair:3:   layout_layer_cave, minmay_snake_entry_guardpost_small,
          ebering_ghost_xom
Lair:4:   layout_cave_pods, minmay_shoals_entry_lonely_mermaid
Lair:5:   layout_small_grid, dpeg_slime_entry_enclosed_altar, zaba_anthell,
          uniq_snorg
Orc:1:    layout_diamond_mine, serial_shops, nicolae_shop_crystal,
          nicolae_orc_crystal_geode
Orc:2:    st_orc_ogre_mass, layout_caves, uniq_rupert, uniq_nessos

Skill      XL: |  1  2  3  4  5  6  7  8  9 10 11 12 13 |
---------------+----------------------------------------+-----
Axes           | 3 4 5 6 8 10 11 13 14 | 14.0
Fighting       | 3 4 5 6 7 8 9 10 | 10.4
Armour         | 4 5 6 7 8 10 11 12 | 12.2
Shields        | 4 5 6 7 8 10 11 12 | 12.2
Invocations    | 3 5 6 |  6.1

Action                   |  1- 3 |  4- 6 |  7- 9 | 10-12 | 13-15 || total
-------------------------+-------+-------+-------+-------+-------++-------
Melee: War axe           |   134 |    60 |       |       |       ||   194
       Hand axe          |       |    56 |   260 |   936 |   158 ||  1410
Throw: Dart              |    27 |    17 |    12 |    29 |       ||    85
Invok: Lesser Servant of |       |       |       |     7 |     1 ||     8
 Abil: Heal Wounds       |       |     3 |     9 |     8 |     2 ||    22
Evoke: Wand              |       |     3 |    17 |     1 |    16 ||    37
  Use: Potion            |     1 |       |       |     1 |     1 ||     3
       Scroll            |       |       |    14 |     8 |       ||    22
 Stab: Distracted        |       |       |       |     2 |       ||     2
Armor: Scale mail        |    19 |       |       |       |       ||    19
       Chain mail        |    85 |    95 |   122 |   261 |    49 ||   612
Dodge: Dodged            |    32 |    32 |    45 |   153 |    28 ||   290
Block: Kite shield       |    75 |    72 |   215 |   626 |   132 ||  1120
       Reflection        |       |       |     7 |    13 |    14 ||    34

Table legend: (Time is in decaauts)
 A = Elapsed time spent in this place.
 B = Non-inter-level travel time spent in this place.
 C = Inter-level travel time spent in this place.
 D = Time resting spent in this place.
 E = Time spent auto-exploring this place.
 F = Levels seen in this place.
 G = Mean time per level.
                   A        B        C        D        E       F      G
               +--------+--------+--------+--------+--------+-----+--------+
         Total |  13003 |  12076 |    927 |    492 |   8496 |  20 |  650.2 |
       Dungeon |   8675 |   8066 |    609 |    480 |   5454 |  12 |  722.9 |
        Temple |    172 |    155 |     17 |      0 |    141 |   1 |  172.0 |
          Lair |   3785 |   3517 |    268 |      6 |   2740 |   5 |  757.0 |
  Orcish Mines |    371 |    339 |     32 |      6 |    161 |   2 |  185.5 |
               +--------+--------+--------+--------+--------+-----+--------+

Top non-repeatable levels by time:
     D:8: 1342 daAuts
  Lair:3: 1194 daAuts
  Lair:4: 1119 daAuts
     D:5: 1038 daAuts
     D:6: 975 daAuts
    D:10: 886 daAuts
     D:4: 798 daAuts
     D:1: 784 daAuts
  Lair:2: 777 daAuts
     D:2: 657 daAuts
    D:12: 633 daAuts
     D:3: 575 daAuts
     D:7: 482 daAuts
  Lair:1: 349 daAuts
  Lair:5: 344 daAuts
